 Dungeon Crawl Stone Soup version 0.29.1-1-gd02db6906a (webtiles) character file.

Game seed: 1870472092657474039

17 croobank the Caller (level 2, -2/20 HPs)
             Began as a Hill Orc Summoner on Sept 27, 2022.
             Slain by an adder (4 damage)
             ... on level 2 of the Dungeon.
             The game lasted 00:05:19 (955 turns).

croobank the Caller (Hill Orc Summoner)              Turns: 955, Time: 00:05:20

Health: -2/20      AC:  2    Str:  8 (10) XL:     2   Next: 62%
Magic:  1/4        EV: 12    Int: 13 (15) God:
Gold:   98         SH:  0    Dex:  9 (11) Spells: 1/4 levels left

rFire   + . .      SeeInvis .   f - +0 dagger
rCold   + . .      Faith    .   (no shield)
rNeg    . . .      Spirit   .   a - +0 robe
rPois   +          Reflect  .   (no helmet)
rElec   +          Harm     .   (no cloak)
rCorr   +          Rampage  .   (no gloves)
Will    .....                   (no boots)
Stlth   ++........              (no amulet)
HPRegen 0.06/turn               h - ring of wizardry
MPRegen 0.09/turn               (no ring)

@: resistant
A: no striking features
a: no special abilities


You were on level 2 of the Dungeon.
You visited 1 branch of the dungeon, and saw 2 of its levels.

You collected 98 gold pieces.

Inventory:

Hand Weapons
 f - a +0 dagger (weapon)
Armour
 a - a +0 robe (worn)
 j - a +0 pair of boots
Jewellery
 h - a ring of wizardry (left hand)
Scrolls
 i - a scroll of teleportation {unknown}
 k - a scroll of fear {unknown}
 l - a scroll of fog {unknown}
Potions
 d - a potion of degeneration


   Skills:
 + Level 0.2 Fighting
 + Level 1.8 Dodging
 + Level 1.9 Stealth
 + Level 1.8 Spellcasting
 + Level 4.1 Summonings


You had one spell level left.
You knew the following spells:

 Your Spells              Type           Power      Damage    Failure   Level
a - Summon Small Mammal   Summ           48%        N/A       1%          1
b - Call Imp              Summ           12%        N/A       2%          2

Your spell library contained the following spells:

 Spells                   Type           Power      Damage    Failure   Level
 Call Canine Familiar     Summ           12%        N/A       6%          3
 Summon Guardian Golem    Hex/Summ       6%         N/A       13%         3
 Summon Lightning Spire   Summ/Air       6%         N/A       38%         4
 Summon Forest            Summ/Tloc      3%         N/A       73%         5
 Eringya's Noxious Bog    Tmut/Pois      0%         N/A       100%        6
 Summon Hydra             Summ           6%         N/A       100%        7


Dungeon Overview and Level Annotations

Branches:
Dungeon (2/15)

Altars:

Annotations:
D:2 Terence


Message History

Your rat misses the adder. You closely miss the adder.
The adder is severely wounded.
The adder closely misses you.
Your rat bites the adder but does no damage.
You hit the adder but do no damage.
The adder is severely wounded.
The adder bites you.
You are poisoned.
The adder poisons you!
Your rat barely misses the adder.
It was a potion of degeneration.
There was something very wrong with that liquid.
You feel weakened.
You feel dopey.
You feel clumsy.
You feel sick. The adder closely misses you. The adder barely misses you.
Terence misses your rat.
Your rat misses the adder.
It was a potion of resistance.
You feel protected.
You feel sick. The adder barely misses you. Terence barely misses your rat.
Your rat closely misses the adder.
Casting: Summon Small Mammal (safe; 1% risk of failure)
Confirm with . or Enter, or press ? or * to list all spells.
You feel sick. The adder closely misses you.
Terence hits your rat with a +0 hand axe.
Your rat dies!
Your rat's corpse disappears in a puff of smoke!
You feel sick.
You feel sick.
You are no longer poisoned.
The adder bites you.
* * * LOW HITPOINT WARNING * * *
The adder closely misses you.
You swap places.
Your bat barely misses the adder.
Your bat misses the adder. The adder attacks as you move away!
The adder barely misses you.
Your bat hits the adder but does no damage.
Your bat completely misses the adder.
Terence shouts, "Now you die!" Terence barely misses your bat.
Your bat hits the adder but does no damage.
The adder bites you.
You die...

.. # .# ##.### #.#
...... ###.## #...?
#..!...# ..##....
#.#.##.# ...##....
##.>..#.###.........
#..@#.........##....
#..S..#.#.#... #....
......#b........ ......
#####.##.#)#.###....##.
#. #.@.$...<....... #.
########....#### #. #
#.


You could see Terence, an adder (ally target) and a friendly bat (summoned).

Vanquished Creatures
  A rat (D:2)
1 creature vanquished.

Vanquished Creatures (collateral kills)
  A bat (D:1)
  2 endoplasms (D:1)
  2 giant cockroaches (D:2)
  2 hobgoblins (D:1)
  A frilled lizard (D:2)
  2 goblins (D:2)
  3 kobolds (D:1)
  2 rats (D:1)
15 creatures vanquished.

Grand Total: 16 creatures vanquished

Notes
Turn   | Place    | Note
-------+----------+-------------------------------------------
     0 | D:1      | croobank the Hill Orc Summoner began the quest for the Orb.
     0 | D:1      | Reached XP level 1. HP: 14/14 MP: 3/3
   234 | D:1      | Found a faded altar of an unknown god.
   244 | D:1      | Reached XP level 2. HP: 18/20 MP: 2/4
   247 | D:1      | Learned a level 2 spell: Call Imp
   870 | D:2      | Noticed Terence
   955 | D:2      | Slain by an adder

Illustrated notes

Levels and vault maps discovered:
D:1:      lightli_arrival_farm, layout_rooms,
          chequers_ecumenical_altar_simple_redux,
          corexii_item_surrounded_by_moat, kennysheep_decorative_pillar
D:2:      layout_loops_ring, kennysheep_path_1, grunt_ministairs_5, uniq_terence

Action                   || total
-------------------------++-------
Melee: Unarmed           ||    10
       Dagger            ||    26
 Cast: Summon Small Mamm ||    28
       Call Imp          ||     3
  Use: Potion            ||     4
       Scroll            ||     1
Armor: Robe              ||     8
Dodge: Dodged            ||    47
